 Dungeon Crawl Stone Soup version 0.28-a0-1429-gf3d713df7a (webtiles) character file.

Game seed: 4613014352307433165

14 YayAnonymity the Vandal (level 2, -6/22 HPs)
             Began as a Demonspawn Hunter on Jan 9, 2022.
             Succumbed to a goblin's poison
             ... on level 1 of the Dungeon.
             The game lasted 00:00:53 (545 turns).

YayAnonymity the Vandal (Demonspawn Hunter)          Turns: 545, Time: 00:00:54

Health: -6/22      AC:  3    Str: 12    XL:     2   Next: 31%
Magic:  2/2        EV: 12    Int: 12    God:
Gold:   44         SH:  0    Dex: 13    Spells: 1/1 levels left

rFire   . . .      SeeInvis .   a - +1 hunting sling
rCold   . . .      Faith    .   (no shield)
rNeg    . . .      Spirit   .   c - +0 leather armour
rPois   .          Reflect  .   (helmet restricted)
rElec   .          Harm     .   (no cloak)
rCorr   .          Rampage  .   (no gloves)
Will    .....                   (no boots)
Stlth   +.........              (no amulet)
HPRegen 0.07/turn               (no ring)
MPRegen 0.08/turn               (no ring)

@: lethally poisoned (-6 -> -40)
A: horns 1
a: no special abilities


You were on level 1 of the Dungeon.
You visited 1 branch of the dungeon, and saw 1 of its levels.

You collected 44 gold pieces.

Inventory:

Hand Weapons
 a - a +1 hunting sling (weapon)
 b - a +0 short sword
Missiles
 d - 37 sling bullets (quivered ammo)
Armour
 c - a +0 leather armour (worn)
Jewellery
 e - a ring of poison resistance
Scrolls
 f - a scroll of silence {unknown}


   Skills:
 - Level 2.0 Fighting
 * Level 4.0 Slings
 + Level 2.1 Dodging
 - Level 0.8 Stealth


You had one spell level left.
You didn't know any spells.
Your spell library was empty.

Dungeon Overview and Level Annotations

Branches:
Dungeon (1/15)

Altars:


Innate Abilities, Weirdness & Mutations

You have a pair of small horns on your head.


Message History

a +0 club; a goblin corpse You now have 35 gold pieces (gained 11).
You now have 44 gold pieces (gained 9).
You open the door.
There is an open door here.
As you open the door, it creaks loudly!
There is an open door here.
A goblin comes into view. It is wielding a +1 dagger of venom.
You closely miss the goblin. Your headbutt misses the goblin.
The goblin hits you with a +1 dagger of venom.
You are poisoned.
You closely miss the goblin.
You feel very sick. The goblin barely misses you.
You barely miss the goblin. Your headbutt misses the goblin.
You feel sick.
The goblin hits you with a +1 dagger of venom.
You are lethally poisoned!
You are too injured to fight recklessly!
You aren't carrying any potions.
a - a +1 hunting sling (weapon)
You feel sick.
The goblin hits you with a +1 dagger of venom.
You are more poisoned.
You are too injured to fight recklessly!
You are too injured to fight recklessly!
You are too injured to fight recklessly!
Fire: 39 sling bullets
Press: ? - help, Q - select action Shift-Dir - straight line, f - goblin
Aim: a goblin, wielding a +1 dagger of venom (55% to hit)
You shoot a sling bullet.
The sling bullet barely misses the goblin.
* * * LOW HITPOINT WARNING * * *
You feel very sick. The goblin hits you but does no damage.
You are more poisoned.
Fire: 38 sling bullets
Press: ? - help, Q - select action Shift-Dir - straight line, f/p - goblin
Aim: a goblin, wielding a +1 dagger of venom (55% to hit)
You shoot a sling bullet. The sling bullet misses the goblin.
You die...

.# ##.# ##.....##
#### ## #.#
##...## # ##.#
##+## # #####..##
# #.......# ### #
#.###.#.# .... #
#.# #.#.# .....
#.#
#.#.#####.....#
#.# #......@g...(#
#.#####.######...#
#.......# ##
#########


You could see a goblin.

Vanquished Creatures
  A dart slug (D:1)
  An endoplasm (D:1)
  3 goblins (D:1)
  A hobgoblin (D:1)
  A quokka (D:1)
  2 frilled lizards (D:1)
  2 kobolds (D:1)
  A rat (D:1)
12 creatures vanquished.

Notes
Turn   | Place    | Note
-------+----------+-------------------------------------------
     0 | D:1      | YayAnonymity the Demonspawn Hunter began the quest for the
                  | Orb.
     0 | D:1      | Reached XP level 1. HP: 16/16 MP: 1/1
   191 | D:1      | Gained mutation: You have a pair of small horns on your
                  | head. [demonic ancestry]
   191 | D:1      | Reached XP level 2. HP: 20/22 MP: 2/2
   261 | D:1      | Reached skill level 4 in Slings
   544 | D:1      | HP: 1/22 [poisoned by a goblin]
   545 | D:1      | Succumbed to a goblin's poison

Illustrated notes

Levels and vault maps discovered:
D:1:      dpeg_arrival_shrine, layout_loops_corners,
          shapermc_ecumenical_altar_mp_vishouse

Skill      XL: |  1  2 |
---------------+-------+-----
Dodging        | 2 |  2.1
Slings         | 4 |  4.0
Fighting       | |  2.0
Stealth        | |  0.8

Action                   || total
-------------------------++-------
Melee: Short sword       ||    11
       Headbutt          ||     1
 Fire: Hunting sling     ||    24
Armor: Leather armour    ||     5
Dodge: Dodged            ||     5

Table legend: (Time is in decaauts)
 A = Elapsed time spent in this place.
 B = Non-inter-level travel time spent in this place.
 C = Inter-level travel time spent in this place.
 D = Time resting spent in this place.
 E = Time spent auto-exploring this place.
 F = Levels seen in this place.
 G = Mean time per level.
                   A        B        C        D        E       F      G
               +--------+--------+--------+--------+--------+-----+--------+
         Total |    545 |    545 |      0 |      0 |    466 |   1 |  545.0 |
       Dungeon |    545 |    545 |      0 |      0 |    466 |   1 |  545.0 |
               +--------+--------+--------+--------+--------+-----+--------+

Top non-repeatable levels by time:
     D:1: 545 daAuts
